 Dungeon Crawl Stone Soup version 0.23.2-30-g0e89c35649 (webtiles) character file.

Game seed: 14461373117881010751

3253 funkygono the Thaumaturge (level 9, -10/67 HPs)
             Began as a Grey Draconian Conjurer on June 24, 2019.
             Was a Follower of Vehumet.
             Mangled by an orc warrior
             ... wielding a +0 halberd
              (13 damage)
             ... on level 9 of the Dungeon.
             The game lasted 00:27:39 (10742 turns).

funkygono the Thaumaturge (DrCj)                   Turns: 10742, Time: 00:27:40

Health: -10/67     AC: 17    Str: 12    XL:     9   Next: 67%
Magic:  3/22       EV: 13    Int: 18    God:    Vehumet [*.....]
Gold:   198        SH:  0    Dex: 11    Spells: 13/26 levels left

rFire    . . .     SeeInvis .   v - staff of death (curse)
rCold    + . .     Gourm    .   (no shield)
rNeg     + . .     Faith    .   (armour unavailable)
rPois    .         Spirit   .   (helmet restricted)
rElec    .         Reflect  .   u - +0 cloak
rCorr    .         Harm     .   (no gloves)
MR       .....                  (no boots)
Stlth    ++........             (no amulet)
HPRegen  0.21/turn              t - ring of protection from cold
MPRegen  0.18/turn              f - +4 ring of protection

@: berserk cooldown, slowed, very slow
A: walk through water, unfitting armour, unbreathing, cold-blooded, AC +12
a: Renounce Religion


You were on level 9 of the Dungeon.
You worshipped Vehumet.
Vehumet was aware of your devotion.
You were not hungry.

You visited 2 branches of the dungeon, and saw 10 of its levels.

You collected 548 gold pieces.
You spent 350 gold pieces at shops.

Inventory:

Hand Weapons
 c - a +7 flail
Missiles
 i - 283 stones (quivered)
Armour
 e - a +0 large shield
 u - a +0 cloak (worn)
Magical Staves
 v - a cursed staff of death (weapon)
Jewellery
 a - an uncursed ring of protection from fire
 d - a +5 ring of evasion
 f - a +4 ring of protection (right hand)
 p - an uncursed ring of fire
 q - the ring "Mowun" {EV+1 Slay+3 Stlth+}
   (You found it on level 6 of the Dungeon)

   [ring of evasion]

   It affects your evasion (+1).
   It affects your accuracy and damage with ranged weapons and melee attacks
   (+3).
   It makes you more stealthy.
 t - a ring of protection from cold (left hand)
Wands
 m - a wand of acid (7)
 r - a wand of flame (35)
Scrolls
 k - 4 scrolls of identify
 o - 2 scrolls of amnesia
 w - a scroll of remove curse
 x - a scroll of teleportation
Potions
 g - 4 potions of heal wounds
 h - a potion of mutation
 j - 2 potions of curing
 n - a potion of lignification
 s - 3 potions of might
 z - a potion of haste
Comestibles
 b - 14 rations
 A - 5 chunks of flesh


   Skills:
 + Level 2.0 Fighting
 + Level 3.7(3.8) Maces & Flails
 + Level 0.1(2.2) Staves
 + Level 3.9 Dodging
 + Level 3.0 Stealth
 * Level 9.0 Spellcasting
 + Level 7.7 Conjurations
 + Level 0.7 Hexes
 + Level 1.7 Fire Magic
 + Level 2.3 Earth Magic


You had 13 spell levels left.
You knew the following spells:

 Your Spells              Type           Power        Failure   Level  Hunger
a - Magic Dart            Conj           ####         1%          1    None
b - Searing Ray           Conj           #####.       1%          2    None
c - Dazzling Spray        Conj/Hex       ###...       4%          3    None
d - Stone Arrow           Conj/Erth      ####..       3%          3    None
e - Flame Tongue          Conj/Fire      ####.        1%          1    None
f - Throw Flame           Conj/Fire      ####..       1%          2    None
g - Sandblast             Erth           ###...       3%          1    None

Your spell library contained the following spells:

 Spells                   Type           Power        Failure   Level  Hunger
 Shock                    Conj/Air       ###.         1%          1    None
 Conjure Flame            Conj/Fire      ####....     3%          3    None
 Iskenderun's Mystic Bla  Conj           #####...     3%          4    ###....
 Passwall                 Tmut/Erth      ##......     9%          2    None
 Sticky Flame             Conj/Fire      ####....     12%         4    ###....
 Inner Flame              Hex/Fire       ##......     16%         3    None
 Fulminant Prism          Conj/Hex       ###.......   16%         4    ###....
 Force Lance              Conj/Tloc      ###.....     19%         4    ###....
 Fireball                 Conj/Fire      ####......   34%         5    #####..
 Petrify                  Tmut/Erth      ##......     50%         4    ###....
 Cause Fear               Hex            ##........   54%         4    ###....
 Lee's Rapid Deconstruct  Erth           ###.......   67%         5    #####..
 Silence                  Hex/Air        #.........   91%         5    #####..
 Yara's Violent Unravell  Hex/Tmut       #.........   91%         5    #####..
 Deflect Missiles         Chrm/Air       #.........   100%        6    ######.
 Discord                  Hex            ##........   100%        8    #######


Dungeon Overview and Level Annotations

Branches:
Dungeon (9/15)             Temple (1/1) D:6
   Lair: D:8-11         Orc: D:9-12

Altars:
Ashenzari
Cheibriados
Dithmenos
Elyvilon
Fedhas
Gozag
Hepliaklqana
Kikubaaqudgha
Makhleb
Nemelex Xobeh
Okawaru
Qazlal
Ru
Sif Muna
Trog
Uskayaw
Vehumet
Wu Jian
Xom
Yredelemnul
Zin
The Shining One

Shops:
D:7 ?*:?

Annotations:
D:5 2 transporters
D:8 2 transporters, 3 runed translucent doors, Jaiteiro's ghost, novice CeHu


Innate Abilities, Weirdness & Mutations

You can walk through water.
Your dull iron-grey scales are very hard. (AC +12)
You cannot fit into any form of body armour.
You can survive without breathing.
You are cold-blooded and may be slowed by cold attacks.


Message History

The sky beast is heavily wounded.
The orc warrior hits you from afar with a +0 halberd.
* * * LOW HITPOINT WARNING * * *
You hit the sky beast!
Your tail-slap misses the sky beast.
The sky beast is almost dead.
The sky beast barely misses you.
You hit the sky beast!
You kill the sky beast!
Vehumet accepts your kill.
Your Fire Magic skill increases to level 1!
The orc warrior hits you from afar with a +0 halberd!
* * * LOW HITPOINT WARNING * * *
You are no longer berserk.
You are exhausted.
You feel yourself slow down.
Items here: ))) [ ÷ †† You hit the orc warrior but do no damage.
The orc warrior is moderately wounded.
The orc warrior hits you with a +0 halberd!
You die...

.... .#.# ... ..##
### #..# ###.# #..##
##..## #...# ##..##
##..####..## ####
#...#[@### #...####
#....o.# .......#
##....## ......#
##.....# ......#
##......# .....#
##.......### ....#
#..........### ....#
##............#
...####..^..........#


You could see an orc warrior.

Vanquished Creatures
  A troll (D:9)
  A wyvern (D:9)
  2 ice beasts
  5 sky beasts
  An orc warrior (D:7)
  4 ogres
  A centaur (D:9)
  2 bullfrogs
  3 killer bees (D:8)
  6 scorpions
  2 howler monkeys
  A vampire bat (D:3)
  4 crimson imps
  5 hounds
  4 orc wizards
  2 centaur skeletons
  5 orc priests
  2 worker ants
  2 hound zombies
  3 hound skeletons
  A worker ant zombie (D:7)
  8 adders
  3 shadow imps
  2 oozes (D:2)
  2 adder skeletons
  An adder zombie (D:8)
  2 worms
  3 dart slugs
  3 fire bats (D:3)
  5 leopard geckos
  17 orcs
  2 spectral bats (D:3)
  14 bats
  3 bat skeletons (D:3)
  A bat zombie (D:3)
  15 giant cockroaches
  6 goblins
  10 hobgoblins
  9 jackals
  14 kobolds
  A quokka (D:4)
  2 ball pythons (D:2)
  A bat simulacrum (D:3)
  2 frilled lizards
  A jackal zombie (D:5)
  12 rats
196 creatures vanquished.

Notes
Turn   | Place    | Note
-------+----------+-------------------------------------------
     0 | D:1      | funkygono the Draconian Conjurer began the quest for the
                  | Orb.
     0 | D:1      | Reached XP level 1. HP: 14/14 MP: 3/3
   432 | D:1      | Reached XP level 2. HP: 20/20 MP: 0/5
   436 | D:1      | Learned a level 2 spell: Searing Ray
  1349 | D:1      | Reached XP level 3. HP: 20/26 MP: 0/6
  1354 | D:1      | Learned a level 3 spell: Dazzling Spray
  2004 | D:2      | Reached XP level 4. HP: 34/34 MP: 2/8
  2291 | D:2      | Reached skill level 3 in Spellcasting
  2351 | D:2      | Found a faded altar of an unknown god.
  2702 | D:3      | Reached XP level 5. HP: 39/39 MP: 1/10
  2861 | D:3      | Reached skill level 4 in Spellcasting
  2861 | D:3      | Reached skill level 5 in Conjurations
  3215 | D:3      | Reached skill level 1 in Maces & Flails
  3322 | D:3      | Noticed an ogre
  3331 | D:3      | HP: 1/39 [ogre/+0 giant spiked club (30)]
  3332 | D:3      | Killed an ogre
  3332 | D:3      | Reached skill level 1 in Fighting
  3332 | D:3      | Reached XP level 6. HP: 1/47 MP: 2/12
  4066 | D:3      | Found a blossoming altar of Fedhas.
  4458 | D:4      | Your scales start taking on a dull iron-grey colour.
  4458 | D:4      | Reached XP level 7. HP: 52/52 MP: 2/14
  4458 | D:4      | Gained mutation: You can survive without breathing. [Grey
                  | Draconian growth]
  5024 | D:4      | Found a deep blue altar of Sif Muna.
  5071 | D:5      | Entered Level 5 of the Dungeon
  5076 | D:5      | Reached skill level 5 in Spellcasting
  5419 | D:5      | Found a transporter.
  5518 | D:5      | Reached XP level 8. HP: 30/59 MP: 6/16
  5567 | D:5      | Reached skill level 6 in Spellcasting
  5741 | D:5      | Found a transporter.
  6298 | D:6      | Found a radiant altar of Vehumet.
  6443 | D:6      | Became a worshipper of Vehumet
  6487 | D:6      | Found a staircase to the Ecumenical Temple.
  6497 | Temple   | Entered the Ecumenical Temple
  7013 | D:6      | Got a glittering brass ring
  7190 | D:6      | Identified the ring "Mowun" {EV+1 Slay+3 Stlth+} (You found
                  | it on level 6 of the Dungeon)
  7209 | D:7      | Found a stormy altar of Qazlal.
  7219 | D:7      | Found Urureus's Magic Scroll Emporium.
  7221 | D:7      | Found Fysop's Book Shoppe.
  7304 | D:7      | Bought a book of Geomancy for 350 gold pieces
  7308 | D:7      | Learned a level 3 spell: Stone Arrow
  7328 | D:7      | Reached skill level 7 in Spellcasting
  7961 | D:7      | Reached XP level 9. HP: 67/67 MP: 11/20
  8468 | D:7      | Found Qamn's Magic Scroll Shop.
  8626 | D:7      | Learned a level 1 spell: Flame Tongue
  8629 | D:7      | Learned a level 2 spell: Throw Flame
  8738 | D:7      | Found Kakokiew's General Store.
  8912 | D:8      | Found a transporter.
  8928 | D:8      | Found a transporter.
  8988 | D:8      | Reached skill level 1 in Earth Magic
  9380 | D:8      | Found a deep blue altar of Sif Muna.
  9440 | D:8      | Reached skill level 8 in Spellcasting
  9617 | D:8      | Reached * piety under Vehumet
  9617 | D:8      | Offered knowledge of Shock by Vehumet.
  9762 | D:8      | Found a runed translucent gate.
  9762 | D:8      | Found a runed translucent gate.
  9762 | D:8      | Found a runed translucent gate.
  9763 | D:8      | Noticed Jaiteiro's ghost (novice CeHu)
  9767 | D:8      | Learned a level 1 spell: Sandblast
 10444 | D:9      | Noticed a troll
 10461 | D:9      | Killed a troll
 10736 | D:9      | Reached skill level 9 in Spellcasting
 10740 | D:9      | Reached skill level 1 in Fire Magic
 10740 | D:9      | HP: 5/100 [orc warrior/+0 halberd (16)]
 10742 | D:9      | Mangled by an orc warrior

Skill      XL: |  1  2  3  4  5  6  7  8  9 |
---------------+----------------------------+-----
Dodging        | 2 3 |  3.9
Spellcasting   | 3 4 5 7 9 |  9.0
Stealth        | 2 3 |  3.0
Conjurations   | 5 6 7 |  7.7
Maces & Flails | 1 2 3 |  3.7
Fighting       | 1 2 |  2.0
Earth Magic    | 2 |  2.3
Fire Magic     | 1 |  1.7
Staves         | |  0.1
Hexes          | |  0.7

Action                   |  1- 3 |  4- 6 |  7- 9 || total
-------------------------+-------+-------+-------++-------
Melee: Club              |    26 |       |       ||    26
       Unarmed           |     4 |       |       ||     4
       Tailslap          |     3 |     7 |    10 ||    20
       Flail             |       |    47 |    55 ||   102
       Whip              |       |     2 |       ||     2
       Staff             |       |       |    41 ||    41
 Cast: Magic Dart        |    84 |    85 |   160 ||   329
       Searing Ray       |     3 |    16 |    21 ||    40
       Dazzling Spray    |       |     4 |    15 ||    19
       Stone Arrow       |       |       |    34 ||    34
       Flame Tongue      |       |       |    13 ||    13
       Sandblast         |       |       |     8 ||     8
       Throw Flame       |       |       |     7 ||     7
  Use: Potion            |     1 |       |     1 ||     2
       Scroll            |       |     6 |    10 ||    16
  Eat: Chunk             |     4 |     8 |     8 ||    20
       Ration            |       |     1 |     3 ||     4
Armor: Skin              |    20 |    25 |    55 ||   100
Dodge: Dodged            |    36 |   153 |   144 ||   333
